 Dungeon Sprint DCSS version 0.23.2-11-gf996548c65 (webtiles) character file.

Game seed: 10287749306219182946

272061 wilfster70 the Ninja (level 12, 51/51 HPs)
             Began as a Spriggan Enchanter on June 6, 2019.
             Was the Champion of Dithmenos.
             Escaped with the Orb!
             The game lasted 00:13:01 (2030 turns).

wilfster70 the Ninja (Spriggan Enchanter)           Turns: 2030, Time: 00:13:02

Health: 51/51      AC:  6    Str:  4    XL:     12   Next: 24%
Magic:  29/29      EV: 19    Int: 17    God:    Dithmenos [******]
Gold:   198        SH:  0    Dex: 21    Spells: 26/35 levels left

rFire    . . .     SeeInvis +   a - +1 dagger
rCold    . . .     Gourm    .   (shield restricted)
rNeg     . . .     Faith    .   q - +1 steam dragon scales of Rinio {+Blink}
rPois    .         Spirit   .   (helmet restricted)
rElec    .         Reflect  .   (no cloak)
rCorr    .         Harm     .   (gloves unavailable)
MR       ++...     NoTele   +   (boots unavailable)
Stlth    +++++++...             (no amulet)
HPRegen  0.17/turn              (no ring)
MPRegen  0.21/turn              (no ring)

@: wreathed by umbra, very quick
A: very small, unfitting armour, see invisible, herbivore, speed 3, slow
metabolism 2
0: Orb of Zot
a: Shadow Step, Shadow Form, Renounce Religion, Evoke Blink


You escaped.
You worshipped Dithmenos.
Dithmenos was exalted by your worship.
You were not hungry.

You visited 1 branch You collected 1700 gold pieces.
You spent 1502 gold pieces at shops.

Inventory:

Hand Weapons
 a - a +1 dagger (weapon)
 b - a +6 blowgun
Missiles
 m - 7 needles of paralysis
 n - 15 curare-tipped needles
Armour
 p - a +0 robe
 q - the +1 steam dragon scales of Rinio (worn) {+Blink}
   (You bought it in a shop in the Dungeon)

   It lets you blink.
 s - a +2 robe of resistance
Wands
 c - a wand of polymorph (6)
 i - a wand of paralysis (24)
 t - a wand of disintegration (11)
Scrolls
 j - a scroll of blinking
 k - a scroll of enchant armour
 o - a scroll of immolation {unknown}
Potions
 e - 3 potions of curing
 f - a potion of heal wounds
 g - a potion of haste
 h - 2 potions of magic
 l - a potion of agility
Comestibles
 d - 2 rations


   Skills:
 - Level 10.1 Short Blades
 - Level 3.0 Dodging
 O Level 27 Stealth
 - Level 12.0 Spellcasting
 - Level 12.3 Hexes
 - Level 5.1 Ice Magic
 + Level 15.0 Invocations
 - Level 10.0 Evocations


You had 26 spell levels left.
You knew the following spells:

 Your Spells              Type           Power        Failure   Level  Hunger
a - Corona                Hex            ######.      1%          1    None
b - Ensorcelled Hibernat  Hex/Ice        #####.       1%          2    None
c - Confuse               Hex            ######..     1%          3    None
d - Dazzling Spray        Conj/Hex       ####..       1%          3    None

Your spell library contained the following spells:

 Spells                   Type           Power        Failure   Level  Hunger
 Tukima's Dance           Hex            ######..     1%          3    None


Dungeon Overview and Level Annotations

Branches:
Dungeon (1/1)

Altars:
Cheibriados
Dithmenos
Elyvilon
Fedhas
Gozag
Hepliaklqana
Kikubaaqudgha
Makhleb
Nemelex Xobeh
Okawaru
Qazlal
Ru
Sif Muna
Trog
Uskayaw
Vehumet
Wu Jian
Xom
Yredelemnul
Zin
The Shining One
Jiyva
Lugonu

Shops:
D ??%%=[}}=[:}?*[[?

Annotations:
D Tiamat


Innate Abilities, Weirdness & Mutations

You are very small and have problems with some larger weapons.
You are too small for most types of armour.
You have supernaturally acute eyesight. (SInv)
You are a herbivore.
You cover ground extremely quickly.
You need to consume almost no food.


Message History

You see here a +1 great sword of flaming.
There is an open door here.
There is an open door here.
There is an open door, spattered with blood here.
There is an open door here.
There is an open door here.
There is an open door here.
There is an open door here.
There is an open door here.
There is an open door here.
Things that are here:
a +0 scythe; a +0 robe
There is an open door here.
There is an open door here.
Things that are here:
a +0 club; a +0 ring mail
There is an open door here.
There is a staircase leading out of the dungeon here.
You can't go down here!
You have escaped!

##################
#@.#.)').#.)'..#__
#..'..#..'..#..'..
#..#####'#####'#__
#..####..#...#.###
#..#__####..##(#§§
#..#_____##'#_.'§≈
#⌠⌠#_.∩...'..._#§≈
####_..__##_.#'##'
#_____###'#.#(.


There were no monsters in sight!

Vanquished Creatures
  4 fire giants (D)
  A hydra (D)
  2 centaur warriors (D)
  Sonja (D)
  7 unseen horrors (D)
  A deep troll (D)
  A lindwurm (D)
  An oklob plant (D)
  2 kobold demonologists (D)
  4 demonic crawlers (D)
  A hornet (D)
  A slime creature (D)
  2 redbacks (D)
  A yak (D)
  Sigmund (D)
  13 hogs (D)
  3 floating eyes (D)
  7 necrophages (D)
  An ogre (D)
  8 jellies (D)
  Ijyb (D)
  3 ballistomycetes (D)
  2 ballistomycete spores (D)
68 creatures vanquished.

Vanquished Creatures (others)
  A hornet (D)
1 creature vanquished.

Grand Total: 69 creatures vanquished

Notes
Turn   | Place    | Note
-------+----------+-------------------------------------------
     0 | D        | wilfster70 the Spriggan Enchanter began the quest for the
                  | Orb.
     0 | D        | Reached XP level 1. HP: 9/9 MP: 5/5
     1 | D        | Noticed Ijyb
    11 | D        | Killed Ijyb
    11 | D        | Reached skill level 10 in Stealth
    11 | D        | Reached XP level 2. HP: 13/13 MP: 6/6
   124 | D        | Learned a level 2 spell: Ensorcelled Hibernation
   125 | D        | Noticed an ogre
   128 | D        | Killed an ogre
   128 | D        | Reached skill level 14 in Stealth
   128 | D        | Reached XP level 3. HP: 16/16 MP: 5/8
   128 | D        | Reached XP level 4. HP: 21/21 MP: 5/9
   172 | D        | Noticed Sigmund
   179 | D        | Killed Sigmund
   179 | D        | Reached skill level 17 in Stealth
   179 | D        | Reached XP level 5. HP: 15/24 MP: 3/10
   285 | D        | Learned a level 3 spell: Confuse
   289 | D        | Learned a level 3 spell: Dazzling Spray
   300 | D        | Found a deep blue altar of Sif Muna.
   301 | D        | Found an ornate altar of the Wu Jian Council.
   302 | D        | Found a radiant altar of Vehumet.
   306 | D        | Reached XP level 6. HP: 28/28 MP: 11/11
   333 | D        | Found Lulaxadyu's Magic Scroll Emporium.
   333 | D        | Found an ancient bone altar of Kikubaaqudgha.
   333 | D        | Found a hazy altar of Hepliaklqana.
   333 | D        | Found a hide-covered altar of Uskayaw.
   333 | D        | Found a basalt altar of Yredelemnul.
   333 | D        | Found an opulent altar of Gozag.
   333 | D        | Found a snail-covered altar of Cheibriados.
   333 | D        | Found a sacrificial altar of Ru.
   333 | D        | Found a shadowy altar of Dithmenos.
   333 | D        | Noticed a yak
   334 | D        | Found a stormy altar of Qazlal.
   334 | D        | Found a blossoming altar of Fedhas.
   334 | D        | Found a bloodstained altar of Trog.
   334 | D        | Found an iron altar of Okawaru.
   334 | D        | Found a glowing golden altar of the Shining One.
   334 | D        | Found a glowing silver altar of Zin.
   334 | D        | Found a white marble altar of Elyvilon.
   346 | D        | Killed a yak
   346 | D        | Reached skill level 18 in Stealth
   511 | D        | Found a sparkling altar of Nemelex Xobeh.
   517 | D        | Became a worshipper of Dithmenos the Shadowed
   526 | D        | Noticed Sonja
   530 | D        | Killed Sonja
   530 | D        | Reached skill level 19 in Stealth
   530 | D        | Reached skill level 10 in Hexes
   530 | D        | Reached XP level 7. HP: 32/32 MP: 14/18
   547 | D        | Found Emohirr's Magic Scroll Boutique.
   567 | D        | Noticed a deep troll
   571 | D        | Killed a deep troll
   571 | D        | Reached XP level 8. HP: 36/36 MP: 19/21
   581 | D        | Found Muelor's Armour Emporium.
   632 | D        | Found a viscous altar of Jiyva.
   632 | D        | Found a corrupted altar of Lugonu.
   632 | D        | Noticed a slime creature
   633 | D        | Found a burning altar of Makhleb.
   633 | D        | Found a shimmering altar of Xom.
   635 | D        | Killed a slime creature
   635 | D        | Reached * piety under Dithmenos
   669 | D        | Noticed a centaur warrior
   669 | D        | Noticed a centaur warrior
   671 | D        | Killed a centaur warrior
   671 | D        | Reached skill level 20 in Stealth
   671 | D        | Reached skill level 5 in Ice Magic
   671 | D        | Reached XP level 9. HP: 39/39 MP: 21/23
   672 | D        | Killed a centaur warrior
   685 | D        | Reached ** piety under Dithmenos
   685 | D        | Reached skill level 10 in Spellcasting
   695 | D        | Noticed an oklob plant
   697 | D        | Killed an oklob plant
   697 | D        | Reached skill level 5 in Evocations
   708 | D        | Reached *** piety under Dithmenos
   731 | D        | Reached skill level 21 in Stealth
   731 | D        | Reached XP level 10. HP: 44/44 MP: 25/25
   740 | D        | Noticed an unseen horror
   740 | D        | Noticed an unseen horror
   743 | D        | Killed an unseen horror
   743 | D        | Reached skill level 5 in Invocations
   749 | D        | Killed an unseen horror
   749 | D        | Reached skill level 10 in Short Blades
   751 | D        | Reached **** piety under Dithmenos
   782 | D        | Reached ***** piety under Dithmenos
   782 | D        | Reached skill level 22 in Stealth
  1067 | D        | Found Jaemmoeh's Food Shoppe.
  1067 | D        | Found Vanuur's Food Shop.
  1067 | D        | Found Vacah's Jewellery Boutique.
  1069 | D        | Found Ylel's Armour Emporium.
  1069 | D        | Found Peatapt's Gadget Shop.
  1069 | D        | Found Bayn's Gadget Shoppe.
  1069 | D        | Found Matromp's Jewellery Boutique.
  1069 | D        | Found Helav's Antique Armour Emporium.
  1069 | D        | Found Paqunne's Book Shop.
  1069 | D        | Found Caf Haash's Gadget Shoppe.
  1071 | D        | Found Mefim's Magic Scroll Boutique.
  1072 | D        | Found Pyxuch's Armour Emporium.
  1072 | D        | Found Ogiomudgh's Assorted Antiques.
  1073 | D        | Found Ymna Pusch's Magic Scroll Emporium.
  1088 | D        | Bought steaming steam dragon scales for 1125 gold pieces
  1098 | D        | Identified the +1 steam dragon scales of Rinio {+Blink}
                  | (You bought it in a shop in the Dungeon)
  1151 | D        | Reached ****** piety under Dithmenos
  1159 | D        | Reached skill level 23 in Stealth
  1178 | D        | Noticed a lindwurm
  1180 | D        | Killed a lindwurm
  1180 | D        | Reached XP level 11. HP: 47/47 MP: 28/28
  1191 | D        | Reached skill level 24 in Stealth
  1230 | D        | Reached skill level 10 in Evocations
  1313 | D        | Noticed a 12-headed hydra
  1315 | D        | Killed a 12-headed hydra
  1315 | D        | Reached skill level 25 in Stealth
  1329 | D        | Noticed a daeva
  1333 | D        | Noticed an unseen horror
  1333 | D        | Noticed an unseen horror
  1333 | D        | Noticed an unseen horror
  1333 | D        | Noticed an unseen horror
  1336 | D        | Killed an unseen horror
  1337 | D        | Noticed an unseen horror
  1338 | D        | Killed an unseen horror
  1338 | D        | Reached skill level 10 in Invocations
  1339 | D        | Killed an unseen horror
  1339 | D        | Reached skill level 26 in Stealth
  1341 | D        | Killed an unseen horror
  1345 | D        | Killed an unseen horror
  1786 | D        | Bought a +2 robe of resistance for 377 gold pieces
  1871 | D        | Noticed a fire giant
  1872 | D        | Noticed a fire giant
  1872 | D        | Noticed a fire giant
  1872 | D        | Noticed a fire giant
  1873 | D        | Killed a fire giant
  1873 | D        | Reached skill level 27 in Stealth
  1875 | D        | Killed a fire giant
  1875 | D        | Reached XP level 12. HP: 47/51 MP: 24/29
  1877 | D        | Killed a fire giant
  1879 | D        | Killed a fire giant
  1879 | D        | Reached skill level 15 in Invocations
  1887 | D        | Identified the +4 dragonskin cloak
  1887 | D        | Noticed Tiamat
  1962 | D        | Got the Orb of Zot
  2030 | D        | Escaped with the Orb!

Skill      XL: |  1  2  3  4  5  6  7  8  9 10 11 12 |
---------------+-------------------------------------+-----
Stealth        | 10 14 17 19 20 21 23 27 | 27.0
Spellcasting   | 3 7 8 9 10 12 | 12.0
Hexes          | 4 10 11 12 | 12.3
Short Blades   | 6 7 9 10 | 10.1
Ice Magic      | 3 5 |  5.1
Invocations    | 4 8 13 15 | 15.0
Evocations     | 6 8 10 | 10.0
Dodging        | |  3.0

Action                   |  1- 3 |  4- 6 |  7- 9 | 10-12 || total
-------------------------+-------+-------+-------+-------++-------
Melee: Dagger            |     8 |     5 |     9 |   114 ||   136
 Fire: Blowgun           |       |       |       |     1 ||     1
 Cast: Ensorcelled Hiber |     1 |     6 |       |    19 ||    26
       Confuse           |       |       |       |     3 ||     3
       Dazzling Spray    |       |       |       |     1 ||     1
Invok: Shadow Step       |       |       |       |     1 ||     1
 Abil: Evoke Blink       |       |       |       |     3 ||     3
  Use: Potion            |     1 |       |       |       ||     1
       Scroll            |       |       |       |     2 ||     2
 Stab: Sleeping          |     2 |     4 |     9 |    46 ||    61
       Confused          |       |       |       |     2 ||     2
Armor: Steam dragon scal |       |       |       |     1 ||     1
Dodge: Dodged            |     1 |     1 |       |    14 ||    16
